 Dungeon Crawl Stone Soup version 0.23.2-1-ga50397a6bc (webtiles) character file.

Game seed: 15057537756646762865

144 Revguard the Skirmisher (level 5, -2/47 HPs)
             Began as a Minotaur Abyssal Knight on May 28, 2019.
             Was a Believer of Lugonu.
             Slain by an iguana (6 damage)
             ... on level 4 of the Dungeon.
             The game lasted 00:06:42 (2524 turns).

Revguard the Skirmisher (Minotaur Abyssal Knight)   Turns: 2524, Time: 00:06:42

Health: -2/47      AC:  5    Str: 16 (17) XL:     5   Next: 5%
Magic:  6/6        EV: 11    Int:  9      God:    Lugonu [**....]
Gold:   141        SH:  0    Dex: 10      Spells: 4/4 levels left

rFire    . . .     SeeInvis .   n - +0 broad axe
rCold    . . .     Gourm    +   (no shield)
rNeg     . . .     Faith    .   k - +0 ring mail
rPois    .         Spirit   .   (helmet restricted)
rElec    .         Reflect  .   (no cloak)
rCorr    .         Harm     .   (no gloves)
MR       .....                  (no boots)
Stlth    ..........             g - amulet of the gourmand
HPRegen  0.15/turn              (no ring)
MPRegen  0.10/turn              (no ring)

@: no status effects
A: retaliatory headbutt, horns 2
a: Depart the Abyss, Bend Space, Renounce Religion


You were on level 4 of the Dungeon.
You worshipped Lugonu.
Lugonu was pleased with you.
You were not hungry.

You visited 1 branch of the dungeon, and saw 4 of its levels.
You visited the Abyss 1 time.

You collected 141 gold pieces.

Inventory:

Hand Weapons
 n - a +0 broad axe (weapon)
Armour
 k - a +0 ring mail (worn)
Jewellery
 g - an amulet of the gourmand (around neck)
Scrolls
 b - a scroll of random uselessness {unknown}
 e - 4 scrolls of identify
 h - a scroll of enchant weapon {unknown}
 i - 2 scrolls of remove curse {unknown}
 j - 2 scrolls of teleportation {unknown}
 l - a scroll of blinking {unknown}
 m - a scroll of enchant armour {unknown}
Potions
 d - a potion of heal wounds
 f - 3 potions of flight
Comestibles
 c - 6 rations


   Skills:
 + Level 4.9 Fighting
 + Level 3.9 Axes
 + Level 3.0 Armour
 + Level 1.9 Dodging
 * Level 2.8 Invocations


You had 4 spell levels left.
You didn't know any spells.
Your spell library was empty.

Dungeon Overview and Level Annotations

Branches:
Dungeon (4/15)
 Temple: D:4-7

Altars:
Nemelex Xobeh
The Shining One


Innate Abilities, Weirdness & Mutations

You reflexively headbutt those who attack you in melee.
You have a pair of horns on your head.


Message History

You slash the orc!
You kill the orc!
Lugonu accepts your kill.
You see here a +0 ring mail.
You enter the shallow water.
Moving in this stuff is going to be slow.
Your ring mail prevents you from hitting the iguana.
Your headbutt misses the iguana. The iguana bites you!
You barely miss the iguana. The iguana barely misses you. The iguana bites you!
The iguana bites you.
You hit the iguana. You headbutt the iguana.
The iguana is moderately wounded.
You slash the iguana! The iguana bites you. The iguana bites you!
* * * LOW HITPOINT WARNING * * *
You hit the iguana but do no damage.
The iguana is moderately wounded.
You hit the iguana. The iguana bites you!
* * * LOW HITPOINT WARNING * * *
The iguana bites you.
You die...

# ##≈≈≈≈.....#
#≈≈≈≈.....#
##≈≈≈≈≈....#
..≈≈≈≈≈....#
...≈≈≈≈....###
#..≈≈≈≈≈.[...##
...≈≈≈≈≈...#..#
..88≈≈≈≈≈88...#
......l@......#
......l.......#
..88≈≈≈≈≈88..##
#....≈≈≈≈..###
#....≈≈≈≈≈.#
.....≈≈≈≈≈.#
#.....≈≈≈≈.#
##....≈≈≈≈≈#


You could see 2 iguanas.

Vanquished Creatures
  An orc wizard (D:3)
  A worker ant (D:4)
  4 adders
  3 worms
  4 dart slugs
  3 leopard geckos
  2 orcs
  A ball python (D:3)
  4 goblins
  6 hobgoblins
  2 bats (D:1)
  A frilled lizard (D:1)
  5 kobolds
  6 rats
43 creatures vanquished.

Notes
Turn   | Place    | Note
-------+----------+-------------------------------------------
     0 | Abyss:1  | Revguard the Minotaur Abyssal Knight began the quest for
                  | the Orb.
     0 | Abyss:1  | Reached XP level 1. HP: 19/19 MP: 1/1
    65 | D:1      | Escaped the Abyss
   361 | D:1      | Reached skill level 4 in Fighting
   396 | D:1      | Reached XP level 2. HP: 23/27 MP: 2/2
   840 | D:1      | Reached ** piety under Lugonu
  1154 | D:2      | Reached XP level 3. HP: 28/34 MP: 3/3
  1947 | D:3      | Reached XP level 4. HP: 36/41 MP: 4/4
  2075 | D:3      | Found a sparkling altar of Nemelex Xobeh.
  2273 | D:3      | Found a glowing golden altar of the Shining One.
  2465 | D:4      | Reached XP level 5. HP: 47/47 MP: 4/6
  2524 | D:4      | Slain by an iguana

Skill      XL: |  1  2  3  4 |
---------------+-------------+-----
Fighting       | 4 |  4.9
Invocations    | 2 |  2.8
Axes           | 3 |  3.9
Armour         | 3 |  3.0
Dodging        | |  1.9

Action                   |  1- 3 |  4- 6 || total
-------------------------+-------+-------++-------
Melee: Hand axe          |    82 |    26 ||   108
       Headbutt          |    11 |     6 ||    17
       Broad axe         |       |     5 ||     5
  Use: Potion            |     4 |     1 ||     5
       Scroll            |     2 |       ||     2
  Eat: Chunk             |     9 |       ||     9
Armor: Leather armour    |    22 |       ||    22
       Ring mail         |       |     8 ||     8
Dodge: Dodged            |    48 |    18 ||    66
